 Dungeon Crawl Stone Soup version 0.19-a0-1886-gd64a0f0 (webtiles) character file.

215 Kirkhe the Chopper (level 5, -4/38 HPs)
             Began as a Demonspawn Gladiator on Oct 15, 2016.
             Slain by Grinder (5 damage)
             ... on level 3 of the Dungeon.
             The game lasted 00:04:35 (3314 turns).

Kirkhe the Chopper (Demonspawn Gladiator)           Turns: 3314, Time: 00:04:40

Health: -4/38      AC:  8    Str: 21    XL:     5   Next: 60%
Magic:  5/5        EV: 12    Int: 10    God:
Gold:   190        SH:  0    Dex: 13    Spells: 0 memorised, 4 levels left

rFire  . . .     SeeInvis .     a - +0 war axe
rCold  + . .     Gourm    .     v - +0 ring mail
rNeg   . . .     Faith    .     (no shield)
rPois  .         Spirit   .     c - +0 helmet
rElec  .         Dismiss  .     (no cloak)
rCorr  .         Reflect  .     (no gloves)
MR     .....     Harm     .     (no boots)
Stlth  +.........               (no amulet)
                                (no ring)
                                (no ring)

@: mighty
A: claws 1, iridescent scales 1, cold resistance 1
a: no special abilities


You were on level 3 of the Dungeon.
You were not hungry.

You visited 1 branch of the dungeon, and saw 3 of its levels.

You collected 190 gold pieces.

Inventory:

Hand Weapons
 a - a +0 war axe (weapon)
Missiles
 d - 3 throwing nets (quivered)
 h - 57 poisoned needles
Armour
 c - a +0 helmet (worn)
 v - a +0 ring mail (worn)
Scrolls
 e - a scroll of magic mapping {unknown}
 g - 2 scrolls of teleportation {unknown}
 j - 2 scrolls of identify
 m - 3 scrolls of blinking {unknown}
 n - a scroll of amnesia {unknown}
 s - 2 scrolls of recharging {unknown}
 u - a scroll of random uselessness {unknown}
Potions
 i - 4 potions of heal wounds
 k - a potion of curing
 r - a potion of flight
Comestibles
 f - a bread ration
 l - 2 meat rations
 p - 5 fruits
 q - a royal jelly


   Skills:
 - Level 2.0 Fighting
 + Level 5.1 Axes
 - Level 1.7 Throwing
 + Level 2.4 Armour
 - Level 2.6 Dodging


You had 4 spell levels left.
You didn't know any spells.

Dungeon Overview and Level Annotations

Branches:
Dungeon (3/15)

Altars:
Ashenzari
Yredelemnul

Annotations:
D:3 1 runed door, Grinder


Innate Abilities, Weirdness & Mutations

You have sharp fingernails.
You are partially covered in iridescent scales. (AC +2)
Your flesh is cold resistant. (rC+)


Message History

You slash Grinder!
Grinder is moderately wounded.
Grinder hits you but does no damage. Grinder hits you.
You writhe in agony.
You slash Grinder!
Grinder is severely wounded.
Grinder hits you but does no damage.
You closely miss Grinder.
Grinder is severely wounded.
Grinder hits you but does no damage.
You barely miss Grinder.
Grinder is severely wounded.
Grinder hits you.
You writhe in agony.
You closely miss Grinder.
Grinder is severely wounded.
Grinder hits you.
You writhe in agony.
* * * LOW HITPOINT WARNING * * *
Grinder hits you!
* * * LOW HITPOINT WARNING * * *
You writhe in agony.
You die...

#########
.......5# #@#
##.##############
########.
#...............#
.........
#..############.#
######### #..#
#######.###
.<..###########..#
#..........
###..............#
#.###......
####.##.######.#
#.# #.#.### #.##.#
#.# #.# #.#.#


You could see Grinder.

Vanquished Creatures
  Natasha (thrice) (D:3)
  4 gnolls (D:2)
  2 adders (D:2)
  An ooze (D:2)
  2 worms (D:2)
  2 dart slugs (D:2)
  2 leopard geckos
  3 orcs (D:3)
  4 bats
  5 giant cockroaches
  6 goblins
  8 hobgoblins
  2 jackals (D:1)
  3 quokkas
  2 ball pythons
  8 frilled lizards
  3 kobolds
  6 rats
66 creatures vanquished.

Notes
Turn   | Place    | Note
-------+----------+-------------------------------------------
     0 | D:1      | Kirkhe the Demonspawn Gladiator began the quest for the Orb.
     0 | D:1      | Reached XP level 1. HP: 16/16 MP: 1/1
   223 | D:1      | Reached skill level 3 in Axes
   243 | D:1      | Gained mutation: Your flesh is cold resistant. (rC+) [demonic ancestry]
   243 | D:1      | Reached XP level 2. HP: 11/22 MP: 2/2
   904 | D:2      | Found a basalt altar of Yredelemnul.
   950 | D:2      | Gained mutation: You have sharp fingernails. [demonic ancestry]
   950 | D:2      | Reached XP level 3. HP: 26/27 MP: 3/3
  1359 | D:2      | Reached skill level 4 in Axes
  1359 | D:2      | Reached skill level 1 in Armour
  1364 | D:2      | Reached XP level 4. HP: 12/33 MP: 4/4
  2644 | D:3      | Noticed Natasha
  2657 | D:3      | Killed Natasha
  2657 | D:3      | Gained mutation: You are partially covered in iridescent scales. (AC +2) [demonic ancestry]
  2657 | D:3      | Reached XP level 5. HP: 14/38 MP: 5/5
  2666 | D:3      | Noticed Natasha
  2679 | D:3      | Killed Natasha
  2679 | D:3      | Reached skill level 5 in Axes
  2824 | D:3      | Found a shattered altar of Ashenzari.
  2872 | D:3      | Noticed Natasha
  2878 | D:3      | Killed Natasha
  3180 | D:3      | Found a runed door.
  3305 | D:3      | Noticed Grinder
  3306 | D:3      | Paralysed by Grinder for 3 turns
  3314 | D:3      | HP: 1/38 [Grinder (7)]
  3314 | D:3      | Slain by Grinder

Vault maps used:
D:1:      lordsloth_arrival_two_stooges, minmay_vboxes
D:2:      yredelemnul_altar_generic
D:3:      cheibrodos_ashenzari_chains, uniq_natasha, uniq_grinder,
          uniq_crazy_yiuf_cottage

Skill      XL: |  1  2  3  4  5 |
---------------+----------------+-----
Axes           | 3 4 5 |  5.1
Armour         | 1 2 |  2.4
Fighting       | |  2.0
Throwing       | |  1.7
Dodging        | |  2.6

Action                   |  1- 3 |  4- 6 || total
-------------------------+-------+-------++-------
Melee: War axe           |   121 |   127 ||   248
Throw: Throwing net      |     2 |       ||     2
  Use: Scroll            |       |     4 ||     4
       Potion            |       |     2 ||     2
 Stab: Sleeping          |     1 |       ||     1
       Held in net/web   |     2 |       ||     2
  Eat: Chunk             |     1 |     7 ||     8
Armor: Leather armour    |    39 |    27 ||    66
       Ring mail         |       |    10 ||    10
Dodge: Dodged            |   103 |    79 ||   182
